 Dungeon Crawl Stone Soup version 0.26-a0-752-gcff87cac9a (webtiles) character file.

Game seed: 10198445067786169746

56 Antenora the Skirmisher (level 3, -1/29 HPs)
             Began as a Demonspawn Abyssal Knight on Nov 6, 2020.
             Was a Follower of Lugonu.
             Slain by an adder (5 damage)
             ... on level 3 of the Dungeon.
             The game lasted 00:07:40 (2351 turns).

Antenora the Skirmisher (Demonspawn Abyssal Knight) Turns: 2351, Time: 00:07:41

Health: -1/29      AC:  4    Str: 13    XL:     3   Next: 71%
Magic:  5/5        EV: 11    Int: 13    God:    Lugonu [*.....]
Gold:   80         SH:  0    Dex: 12    Spells: 2/2 levels left

rFire    . . .     SeeInvis .   a - +1 falchion
rCold    . . .     Faith    .   (no shield)
rNeg     . . .     Spirit   .   b - +0 leather armour
rPois    .         Reflect  .   (no helmet)
rElec    .         Harm     .   (no cloak)
rCorr    .         Rampage  .   (no gloves)
MR       .....                  (no boots)
Stlth    +.........             (no amulet)
HPRegen  0.09/turn              h - ring of flight
MPRegen  0.09/turn              (no ring)

@: glowing
A: rugged brown scales 1, powered by death 1
a: Depart the Abyss, Renounce Religion, Evoke Flight


You were on level 3 of the Dungeon.
You worshipped Lugonu.
Lugonu was aware of your devotion.
You visited 1 branch of the dungeon, and saw 3 of its levels.
You visited the Abyss 1 time.

You collected 80 gold pieces.

Inventory:

Hand Weapons
 a - a +1 falchion (weapon)
 c - a +0 rapier
Armour
 b - a +0 leather armour (worn)
Jewellery
 e - a cursed amulet of inaccuracy {unknown}
 h - a ring of flight (left hand)
Scrolls
 i - 2 scrolls of teleportation
Potions
 d - a potion of heal wounds {unknown}
 f - a potion of curing
 g - a potion of cancellation {unknown}
 j - a potion of attraction {unknown}


   Skills:
 + Level 3.4 Fighting
 + Level 2.7 Long Blades
 + Level 2.0 Armour
 + Level 1.2 Dodging
 * Level 3.1 Invocations


You had 2 spell levels left.
You didn't know any spells.
Your spell library was empty.

Dungeon Overview and Level Annotations

Branches:
Dungeon (3/15)

Altars:
Sif Muna
Xom
Zin


Innate Abilities, Weirdness & Mutations

You are partially covered in rugged brown scales. (AC +1, +3% HP)
You regenerate a little health from kills.


Message History

Found a leather armour.
The adder bites you but does no damage. The adder bites you.
You feel sick. The orc wizard barely misses you.
You riposte.
You hit the orc wizard.
The orc wizard is lightly wounded.
The adder bites you but does no damage.
The orc wizard hits you but does no damage.
The adder bites you.
* * * LOW HITPOINT WARNING * * *
The orc wizard hits you but does no damage.
The adder barely misses you.
You feel sick.
The orc wizard is no longer moving quickly.
The orc wizard barely misses you. The adder bites you.
* * * LOW HITPOINT WARNING * * *
You feel sick.
You are no longer poisoned.
The adder bites you.
You die...

## ## .#...##...###
#.# .
#.........[..###.#
.
#.#...........##.#
##.
......#####.....#
#..
##....#...#..####
#.# #..._#...#_...#
#S. ##...#.A.#..#.#
#.# #..o#####..#.#
#o# #.@So......#.#
#.# #.#.......##.#
#.# #............#
#.#
#####...#....####.#
##.##.##...)..#
#.##.#########
#.##.# #.##.# [.#


You could see an angel (confused), an orc wizard (invisible), an adder and an
orc.

Vanquished Creatures
  An adder (D:2)
  A worm (D:2)
  2 dart slugs
  A leopard gecko (D:2)
  An orc (D:3)
  3 giant cockroaches (D:1)
  5 goblins
  5 hobgoblins
  10 kobolds
  A quokka (D:2)
  3 bats
  A frilled lizard (D:2)
  2 rats
36 creatures vanquished.

Notes
Turn   | Place    | Note
-------+----------+-------------------------------------------
     0 | Abyss:1  | Antenora the Demonspawn Abyssal Knight began the quest for
                  | the Orb.
     0 | Abyss:1  | Reached XP level 1. HP: 18/18 MP: 2/2
    29 | Abyss:1  | Noticed a raiju
    31 | D:1      | Escaped the Abyss
   274 | D:1      | Gained mutation: You are partially covered in rugged brown
                  | scales. (AC +1, +3% HP) [demonic ancestry]
   274 | D:1      | Reached XP level 2. HP: 13/24 MP: 3/3
   329 | D:1      | HP: 1/24 [kobold (2)]
   743 | D:1      | Reached skill level 1 in Dodging
  1057 | D:2      | Gained mutation: You regenerate a little health from kills.
                  | [demonic ancestry]
  1057 | D:2      | Reached XP level 3. HP: 15/29 MP: 5/5
  2010 | D:2      | Reached * piety under Lugonu
  2202 | D:2      | Found a shimmering blue altar of Sif Muna.
  2260 | D:3      | Noticed an angel
  2261 | D:3      | Found a glowing silver altar of Zin.
  2261 | D:3      | Found a shimmering altar of Xom.
  2351 | D:3      | Slain by an adder

Illustrated notes

Levels and vault maps discovered:
D:1:      roderic_dead_forest, layout_rooms
D:2:      layout_basic, led_sif_pool
D:3:      minmay_razor_zed, layout_loops_ring,
          grunt_temple_overflow_order_and_chaos_1, uniq_natasha

Skill      XL: |  1  2  3 |
---------------+----------+-----
Long Blades    | 2 |  2.7
Dodging        | 1 |  1.2
Armour         | 2 |  2.0
Invocations    | 3 |  3.1
Fighting       | |  3.4

Action                   || total
-------------------------++-------
Melee: Falchion          ||   116
Invok: Depart the Abyss  ||     1
  Use: Scroll            ||     5
       Potion            ||     2
Armor: Leather armour    ||    51
Dodge: Dodged            ||   116
       Rpst.: Falchion   ||    37

Table legend: (Time is in decaauts)
 A = Elapsed time spent in this place.
 B = Non-inter-level travel time spent in this place.
 C = Inter-level travel time spent in this place.
 D = Time resting spent in this place.
 E = Time spent auto-exploring this place.
 F = Levels seen in this place.
 G = Mean time per level.
                   A        B        C        D        E       F      G
               +--------+--------+--------+--------+--------+-----+--------+
         Total |   2372 |   2361 |     11 |    860 |      0 |   4 |  593.0 |
       Dungeon |   2340 |   2329 |     11 |    860 |      0 |   3 |  780.0 |
         Abyss |     32 |     32 |      0 |      0 |      0 |   1 |   32.0 |
               +--------+--------+--------+--------+--------+-----+--------+

Top non-repeatable levels by time:
     D:2: 1355 daAuts
     D:1: 864 daAuts
     D:3: 120 daAuts
 Abyss:1: 32 daAuts
